 Dungeon Crawl Stone Soup version 0.22-b1-21-g5cfc1688f2 (webtiles) character file.

19686 Molty the Summoner (level 13, -1/79 HPs)
             Began as a Human Summoner on Aug 7, 2018.
             Was the Champion of Okawaru.
             Succumbed to Nessos's poison
             ... on level 5 of the Lair of Beasts.
             The game lasted 01:57:44 (21892 turns).

Molty the Summoner (Human Summoner)                Turns: 21892, Time: 01:57:44

Health: -1/79      AC: 13    Str: 11    XL:     13   Next: 6%
Magic:  4/34       EV: 11    Int: 22    God:    Okawaru [******]
Gold:   663        SH:  0    Dex: 19    Spells: 12/28 levels left

rFire    x . .     SeeInvis .   a - staff of summoning
rCold    . . .     Gourm    .   (no shield)
rNeg     . . .     Faith    .   C - +1 ring mail "Fehuocs" {Dex+4 Stlth+}
rPois    .         Spirit   .   W - +0 helmet of the Cockatrice {+Fly rElec rF- Dex+2}
rElec    +         Reflect  .   G - +0 cloak
rCorr    .         Harm     .   (no gloves)
MR       .....                  f - +2 pair of boots {run}
Stlth    +++.......             P - amulet of regeneration
HPRegen  0.63/turn              o - +3 ring of intelligence
MPRegen  0.24/turn              E - ring of magical power

@: lethally poisoned (-1 -> -26), quick
A: no striking features
a: Heroism, Finesse, Renounce Religion, Evoke Flight


You were on level 5 of the Lair of Beasts.
You worshipped Okawaru.
Okawaru was exalted by your worship.
You were hungry.

You visited 3 branches of the dungeon, and saw 16 of its levels.
You also visited: Ossuary.

You collected 816 gold pieces.
You spent 153 gold pieces at shops.

Inventory:

Hand Weapons
 b - a +1 glaive of freezing
 L - a +0 hunting sling
 M - a +0 quarterstaff of protection
 T - a +3 falchion of holy wrath
 Z - a +0 spear of venom
Missiles
 k - 595 stones
 m - 320 arrows
 Q - 5 exploding tomahawks (quivered)
Armour
 f - a +2 pair of boots of running (worn)
 j - a +0 pair of boots
 x - a +0 helmet
 C - the +1 ring mail "Fehuocs" (worn) {Dex+4 Stlth+}
   (You found it on level 5 of the Dungeon)

   It affects your dexterity (+4).
   It makes you more stealthy.
 G - a +0 cloak (worn)
 S - the +0 chain mail "Rovueciu" {+Blink rPois rF+ Dex+2}
   (Okawaru gifted it to you on level 2 of the Lair of Beasts)

   It affects your dexterity (+2).
   It protects you from fire.
   It protects you from poison.
   It lets you blink.
 W - the +0 helmet of the Cockatrice (worn) {+Fly rElec rF- Dex+2}
   (You found it on level 4 of the Lair of Beasts)

   It affects your dexterity (+2).
   It makes you vulnerable to fire.
   It insulates you from electricity.
   It lets you fly.
 Y - a +1 helmet
Magical Staves
 a - an uncursed staff of summoning (weapon)
 y - an uncursed staff of energy
Jewellery
 o - a +3 ring of intelligence (left hand)
 w - an uncursed ring of wizardry
 B - an uncursed ring of ice
 E - a ring of magical power (right hand)
 H - an uncursed ring of resist corrosion
 K - an uncursed ring of see invisible
 P - an amulet of regeneration (around neck)
Wands
 i - a wand of digging (43)
 r - a wand of clouds (5)
 N - a wand of iceblast (12)
 U - a wand of random effects (29)
Scrolls
 h - 4 scrolls of remove curse
 l - a scroll of holy word {unknown}
 q - 3 scrolls of enchant weapon
 s - 8 scrolls of teleportation
 u - 6 scrolls of amnesia
 F - a scroll of random uselessness {unknown}
 I - 3 scrolls of magic mapping
 J - a scroll of noise {unknown}
 O - 2 scrolls of identify
 R - 3 scrolls of enchant armour {unknown}
Potions
 d - 3 potions of curing
 e - a potion of flight
 g - a potion of haste
 n - 3 potions of might
 p - 2 potions of agility
 t - a potion of brilliance
 v - 2 potions of magic
 A - 2 potions of mutation
 D - a potion of resistance
 V - a potion of invisibility
Miscellaneous
 z - a box of beasts
Comestibles
 c - 25 rations
 X - 2 chunks of flesh


   Skills:
 - Level 8.0 Polearms
 * Level 6.0 Armour
 - Level 2.0 Dodging
 - Level 2.0 Stealth
 - Level 8.0 Spellcasting
 * Level 14.0 Summonings
 - Level 2.7 Translocations
 - Level 7.0 Ice Magic
 * Level 2.1 Air Magic


You had 12 spell levels left.
You knew the following spells:

 Your Spells              Type           Power        Failure   Level  Hunger
a - Summon Small Mammal   Summ           ####         1%          1    None
b - Call Imp              Summ           #######.     1%          2    None
c - Summon Ice Beast      Ice/Summ       ######..     1%          4    ###....
d - Call Canine Familiar  Summ           #######.     1%          3    None
e - Summon Lightning Spi  Summ/Air       ######..     5%          4    ###....
f - Blink                 Tloc           N/A          8%          2    None

Your spell library contained the following spells:

 Spells                   Type           Power        Failure   Level  Hunger
 Teleport Other           Tloc           ###.....     16%         3    None
 Passage of Golubria      Tloc           N/A          45%         4    ###....
 Shroud of Golubria       Chrm/Tloc      ##........   14%         2    None
 Summon Guardian Golem    Hex/Summ       ######..     2%          3    None
 Gell's Gravitas          Tloc           ###.......   16%         3    None
 Lesser Beckoning         Tloc           ###.......   16%         3    None


Dungeon Overview and Level Annotations

Branches:
Dungeon (10/15)            Temple (1/1) D:5            Lair (5/6) D:8
  Swamp (0/4) Lair:2       Spider (0/4) Lair:3          Orc (0/2) D:10
  Slime: Lair:5-6

Altars:
Ashenzari
Cheibriados
Dithmenos
Elyvilon
Fedhas
Gozag
Hepliaklqana
Kikubaaqudgha
Makhleb
Nemelex Xobeh
Okawaru
Qazlal
Ru
Sif Muna
Trog
Uskayaw
Vehumet
Wu Jian
Xom
Yredelemnul
Zin
The Shining One

Shops:
D:6 *%[

Annotations:
D:2 Terence
D:4 Menkaure
D:6 1 exclusion
D:7 3 runed doors, Jorund's ghost, novice OpEE
Lair:1 exclusion: oklob plant
Lair:5 Nessos


Message History

You hear a loud twanging sound.
An arrow appears from out of thin air!
The arrow hits you!! The arrow burns you!
You are more poisoned.
* * * LOW HITPOINT WARNING * * *
You hear a loud twanging sound.
An arrow appears from out of thin air!
The arrow hits you.
* * * LOW HITPOINT WARNING * * *
The arrow burns you.
You are more poisoned.
* * * LOW HITPOINT WARNING * * *
Something tramples your warg!
Your warg holds its ground!
Your warg dies!
Your warg's corpse disappears in a puff of smoke!
You hear a trumpeting!
You see here 2 arrows.
* * * LOW HITPOINT WARNING * * *
You feel very sick.
Unknown command.
You die...

.P....###..#.....#.#.##..#.#.....
+.......#.#...................
#...8...+...8.#..§YY8.§.......
#...........#..(#.Y(Y...........
###...#.#.#.#...#§#.#..##.#.....
##.....##.....(#.......##...##
###..##.#.#'(##.###.###P..#..
##....##...##....... ......
#.........@................
###...#8.<.8#........ .....
#....{....#.......
##.##..8.#....... # ####.#...#..P
..[.#.# .. .....## . ...... .....


There were no monsters in sight!

Vanquished Creatures
  Erica (D:9)
  A centaur zombie (D:10)
  A porcupine (Lair:1)
  An eye of draining (D:8)
  A phantom (D:5)
  A centaur (D:6)
  A bullfrog (D:6)
  An iguana (D:5)
  Natasha (D:4)
  7 mummies (Ossuary)
  A gnoll (D:9)
  2 oozes
  A leopard gecko (D:2)
  4 orcs
  7 bats
  2 giant cockroaches
  5 goblins
  3 hobgoblins
  A ball python (D:3)
  A ball python skeleton (D:4)
  4 frilled lizards
  3 gnoll skeletons (Ossuary)
  A goblin skeleton (Ossuary)
  A goblin zombie (D:5)
  6 kobolds
  A kobold skeleton (Ossuary)
  An orc skeleton (Ossuary)
  A quokka skeleton (D:4)
  A quokka zombie (D:5)
  7 rats
  10 rat skeletons (Ossuary)
79 creatures vanquished.

Vanquished Creatures (collateral kills)
  Josephine (Lair:5)
  5 hydras
  Harold (D:8)
  3 oklob plants (Lair:1)
  4 elephants (Lair:5)
  5 black mambas
  A gargoyle (D:10)
  A torpor snail (Lair:5)
  12 spiny frogs
  5 komodo dragons
  2 polar bears
  3 meliai (Lair:4)
  A queen bee (Lair:4)
  8 blink frogs (Lair:4)
  21 dream sheep
  Grinder (D:4)
  4 hippogriffs
  A slime creature (D:6)
  A basilisk (Lair:2)
  37 yaks
  5 wraiths (Lair:5)
  A wyvern (Lair:1)
  A steam dragon (D:6)
  6 water moccasins
  12 porcupines
  2 sky beasts
  3 black bears
  An ice beast (D:5)
  2 orc warriors
  A phantom (D:5)
  5 ogres
  An eye of draining (D:6)
  2 centaurs
  7 crocodiles
  6 big kobolds
  18 bullfrogs
  A wyvern zombie (D:8)
  6 scorpions
  26 killer bees
  2 howler monkeys
  3 crimson imps
  2 bullfrog zombies (D:10)
  A hound (D:6)
  13 jellies
  3 centaur skeletons
  3 orc priests
  2 bullfrog skeletons
  3 orc wizards
  A gnoll shaman (D:5)
  Natasha (twice) (D:4)
  4 worker ants
  7 mummies (Ossuary)
  Robin (D:4)
  10 gnolls
  7 adders
  4 shadow imps
  9 oozes
  6 worms
  A dart slug (D:3)
  2 leopard geckos
  22 orcs
  2 ball pythons
  3 bats
  5 giant cockroaches
  17 goblins
  6 hobgoblins
  9 jackals
  14 kobolds
  A quokka (D:8)
  A gnoll skeleton (Ossuary)
  2 leopard gecko skeletons (D:6)
  A leopard gecko zombie (D:5)
  An orc skeleton (Ossuary)
  A quokka zombie (D:5)
  2 rats
  5 plants
401 creatures vanquished.

Vanquished Creatures (others)
  A rat skeleton (Ossuary)
  17 fungi
  4 plants
  5 toadstools (D:6)
27 creatures vanquished.

Grand Total: 507 creatures vanquished

Notes
Turn   | Place    | Note
-------+----------+-------------------------------------------
     0 | D:1      | Molty the Human Summoner began the quest for the Orb.
     0 | D:1      | Reached XP level 1. HP: 13/13 MP: 3/3
   477 | D:1      | Reached XP level 2. HP: 11/19 MP: 0/5
  1300 | D:1      | Reached XP level 3. HP: 10/24 MP: 6/6
  1468 | D:1      | Learned a level 2 spell: Call Imp
  1472 | D:1      | Learned a level 3 spell: Call Canine Familiar
  1875 | D:2      | Noticed Terence
  2652 | D:2      | Reached XP level 4. HP: 22/30 MP: 5/8
  3057 | D:2      | You fall through a shaft for 2 floors!
  3081 | D:4      | Reached skill level 5 in Summonings
  3437 | D:4      | Noticed Natasha
  3444 | D:4      | Killed Natasha
  3444 | D:4      | Reached XP level 5. HP: 35/35 MP: 2/10
  3451 | D:4      | Learned a level 4 spell: Summon Ice Beast
  3451 | D:4      | Noticed an ogre
  3478 | D:4      | Killed an ogre
  3478 | D:4      | Reached skill level 1 in Ice Magic
  3596 | D:4      | Noticed Natasha
  3608 | D:4      | Killed Natasha
  3639 | D:4      | Noticed Robin
  3649 | D:4      | Killed Robin
  3689 | D:4      | Noticed Natasha
  3698 | D:4      | Killed Natasha
  3993 | D:4      | Noticed Grinder
  3993 | D:4      | Noticed a black bear
  4015 | D:4      | Paralysed by Grinder for 2 turns
  4049 | D:4      | Killed Grinder
  4049 | D:4      | Reached XP level 6. HP: 41/41 MP: 2/11
  4152 | D:4      | Noticed Menkaure
  4199 | D:4      | Killed a black bear
  4201 | D:5      | Entered Level 5 of the Dungeon
  4408 | D:5      | Found a staircase to the Ecumenical Temple.
  4411 | D:5      | Noticed a sky beast
  4414 | D:5      | Found a sand-covered staircase.
  4427 | Ossuary  | Entered an ossuary
  5093 | Ossuary  | Reached skill level 6 in Summonings
  5099 | Ossuary  | Reached XP level 7. HP: 39/46 MP: 12/12
  6817 | D:5      | Got a heavily runed ring mail
  6830 | D:5      | Identified the +1 ring mail "Fehuocs" {Dex+4 Stlth+} (You found it on level 5 of the Dungeon)
  6846 | D:5      | Reached XP level 8. HP: 52/52 MP: 9/14
  7045 | Temple   | Entered the Ecumenical Temple
  7147 | Temple   | Became a worshipper of Warmaster Okawaru
  7508 | D:3      | Found a sparkling altar of Nemelex Xobeh.
  7904 | D:3      | Reached skill level 7 in Summonings
  7957 | D:3      | Found a bloodstained altar of Trog.
  8174 | D:3      | Found a deep blue altar of Sif Muna.
  8174 | D:3      | Found a hazy altar of Hepliaklqana.
  9106 | D:6      | Found Ropn's Food Shop.
  9119 | D:6      | Bought a ration for 50 gold pieces
  9240 | D:6      | Reached skill level 5 in Ice Magic
  9519 | D:6      | Found Gaakhal's Assorted Antiques.
  9526 | D:6      | Bought a cloak for 103 gold pieces
  9568 | D:6      | Found a glowing golden altar of the Shining One.
  9582 | D:6      | Noticed a two-headed ogre
  9606 | D:6      | Reached * piety under Okawaru
  9824 | D:6      | Found Hocug's Armour Shop.
  9979 | D:6      | Found an opulent altar of Gozag.
  9982 | D:6      | Found the +3 hat of Pondering {ponderous, MR+ MP+10 Int+5}
 10019 | D:6      | Reached skill level 5 in Spellcasting
 10171 | D:6      | Reached ** piety under Okawaru
 10171 | D:6      | Reached XP level 9. HP: 57/57 MP: 11/16
 10201 | D:6      | Noticed a slime creature
 10245 | D:6      | Reached skill level 8 in Summonings
 10782 | D:6      | Killed a slime creature
 11347 | D:7      | Found a runed gate.
 11347 | D:7      | Found a runed gate.
 11347 | D:7      | Found a runed gate.
 11349 | D:7      | Noticed Jorund's ghost (novice OpEE)
 12044 | D:8      | Reached *** piety under Okawaru
 12068 | D:8      | Found a staircase to the Lair.
 12129 | D:8      | Found a flagged portal.
 12217 | D:8      | Noticed Harold
 12243 | D:8      | Killed Harold
 12243 | D:8      | Reached **** piety under Okawaru
 12243 | D:8      | Reached skill level 9 in Summonings
 12775 | D:9      | Noticed Erica
 12801 | D:9      | Killed Erica
 12801 | D:9      | Reached skill level 10 in Summonings
 12801 | D:9      | Reached XP level 10. HP: 63/63 MP: 19/19
 12891 | D:9      | Received a gift from Okawaru
 13399 | D:10     | Entered Level 10 of the Dungeon
 13411 | D:10     | Reached ***** piety under Okawaru
 13466 | D:10     | Found a staircase to the Orcish Mines.
 13720 | D:10     | Found a snail-covered altar of Cheibriados.
 13729 | D:10     | Noticed a gargoyle
 13757 | D:10     | Killed a gargoyle
 13898 | D:10     | Reached skill level 11 in Summonings
 14052 | D:10     | Reached skill level 1 in Polearms
 14153 | Lair:1   | Entered Level 1 of the Lair of Beasts
 14153 | Lair:1   | Noticed a komodo dragon
 14167 | Lair:1   | Killed a komodo dragon
 14167 | Lair:1   | Received a gift from Okawaru
 14186 | Lair:1   | Learned a level 4 spell: Summon Lightning Spire
 14274 | Lair:1   | Noticed a spiny frog
 14274 | Lair:1   | Noticed an oklob plant
 14274 | Lair:1   | Noticed an oklob plant
 14274 | Lair:1   | Noticed an oklob plant
 14341 | Lair:1   | Killed an oklob plant
 14346 | Lair:1   | Reached ****** piety under Okawaru
 14350 | Lair:1   | Killed a spiny frog
 14350 | Lair:1   | Reached XP level 11. HP: 68/68 MP: 1/22
 14356 | Lair:1   | Killed an oklob plant
 14359 | Lair:1   | Killed an oklob plant
 14359 | Lair:1   | Received a gift from Okawaru
 14370 | Lair:1   | Noticed an oklob plant
 15163 | Lair:1   | Reached skill level 5 in Polearms
 15163 | Lair:1   | Reached skill level 12 in Summonings
 15508 | Lair:2   | Found a labyrinth entrance.
 15539 | Lair:1   | Received a gift from Okawaru
 15861 | Lair:2   | Received a gift from Okawaru
 15866 | Lair:2   | Got a dazzling chain mail {god gift}
 16004 | Lair:1   | Identified the +0 chain mail "Rovueciu" {+Blink rPois rF+ Dex+2} (Okawaru gifted it to you on level 2 of the Lair of Beasts)
 16057 | Lair:2   | Found a staircase to the Swamp.
 16610 | Lair:2   | Noticed an eight-headed hydra
 16623 | Lair:2   | Killed an eight-headed hydra
 17203 | Lair:3   | Noticed a four-headed hydra
 17209 | Lair:3   | Killed a four-headed hydra
 17209 | Lair:3   | Reached skill level 1 in Armour
 17539 | Lair:3   | Received a gift from Okawaru
 17540 | Lair:3   | Got a translucent longbow {god gift}
 17541 | Lair:3   | Identified the +1 longbow of Xuaf {freeze, MR+} (Okawaru gifted it to you on level 3 of the Lair of Beasts)
 17663 | Lair:3   | Found a hole to the Spider Nest.
 17836 | Lair:3   | Reached XP level 12. HP: 74/74 MP: 24/24
 19035 | Lair:4   | Reached skill level 13 in Summonings
 19054 | Lair:4   | Noticed an eight-headed hydra
 19061 | Lair:4   | Killed an eight-headed hydra
 19061 | Lair:4   | Received a gift from Okawaru
 19227 | Lair:4   | Noticed a four-headed hydra
 19232 | Lair:4   | Killed a four-headed hydra
 19295 | Lair:4   | Learned a level 2 spell: Blink
 19451 | Lair:4   | HP: 1/74 [meliai/divine providence (12)]
 19876 | Lair:4   | Received a gift from Okawaru
 19891 | Lair:4   | Identified a +2 pair of boots of running (Okawaru gifted it to you on level 4 of the Lair of Beasts)
 19903 | Lair:4   | Got a bloodstained helmet
 19919 | Lair:4   | Identified the +0 helmet of the Cockatrice {+Fly rElec rF- Dex+2} (You found it on level 4 of the Lair of Beasts)
 20013 | Lair:4   | Reached skill level 1 in Translocations
 20922 | Lair:5   | Noticed a five-headed hydra
 20930 | Lair:5   | Killed a five-headed hydra
 21442 | Lair:5   | Reached skill level 5 in Armour
 21619 | Lair:5   | Noticed Josephine
 21634 | Lair:5   | Killed Josephine
 21642 | Lair:5   | Reached skill level 1 in Air Magic
 21851 | Lair:5   | Received a gift from Okawaru
 21851 | Lair:5   | Reached XP level 13. HP: 79/79 MP: 19/25
 21860 | Lair:5   | Reached skill level 14 in Summonings
 21883 | Lair:5   | Noticed Nessos
 21891 | Lair:5   | HP: 2/79 [poisoned by Nessos]
 21892 | Lair:5   | Succumbed to Nessos's poison

Skill      XL: |  1  2  3  4  5  6  7  8  9 10 11 12 13 |
---------------+----------------------------------------+-----
Spellcasting   | 3 4 5 6 7 8 |  8.0
Summonings     | 5 6 7 10 11 12 13 14 | 14.0
Ice Magic      | 2 4 5 7 |  7.0
Polearms       | 3 7 8 |  8.0
Armour         | 1 5 6 |  6.0
Translocations | 2 |  2.7
Air Magic      | 1 2 |  2.1
Dodging        | |  2.0
Stealth        | |  2.0

Action                   |  1- 3 |  4- 6 |  7- 9 | 10-12 | 13-15 || total
-------------------------+-------+-------+-------+-------+-------++-------
Melee: Whip              |   119 |   106 |    47 |       |       ||   272
       Unarmed           |     6 |       |       |       |       ||     6
       Spear             |       |       |   217 |    49 |       ||   266
       Staff             |       |       |    11 |     5 |       ||    16
       Glaive            |       |       |       |     6 |       ||     6
 Fire: Hunting sling     |     5 |     1 |       |       |       ||     6
 Cast: Summon Small Mamm |    27 |     2 |     5 |     7 |     1 ||    42
       Call Canine Famil |    13 |    22 |    64 |    79 |     1 ||   179
       Call Imp          |     1 |    19 |    12 |     3 |       ||    35
       Summon Ice Beast  |       |     1 |    42 |   134 |     8 ||   185
       Summon Lightning  |       |       |       |    75 |     2 ||    77
       Blink             |       |       |       |     2 |       ||     2
Invok: Heroism           |       |       |     1 |       |       ||     1
  Use: Scroll            |     5 |       |     8 |    12 |       ||    25
       Potion            |       |       |       |     2 |     1 ||     3
 Stab: Distracted        |       |     5 |     3 |     3 |       ||    11
       Sleeping          |       |       |     4 |     1 |       ||     5
  Eat: Chunk             |     7 |     4 |    16 |    26 |       ||    53
       Ration            |       |     2 |     5 |     6 |       ||    13
Armor: Robe              |     5 |       |       |       |       ||     5
       Leather armour    |    42 |    23 |       |       |       ||    65
       Animal skin       |       |    14 |    10 |       |       ||    24
       Ring mail         |       |       |    73 |    27 |     2 ||   102
Dodge: Dodged            |    97 |    55 |   114 |    70 |       ||   336
